 Dungeon Sprint DCSS version 0.28.0 (webtiles) character file.

Game seed: 11241478822973603802

3 rocky1 the Shield-Bearer (level 1, 0/19 HPs)
             Began as a Minotaur Fighter on Feb 12, 2022.
             Slain by a human (7 damage)
             ... in the Dungeon (Sprint III: "The Ten Rune Challenge").
             The game lasted 00:00:22 (80 turns).

rocky1 the Shield-Bearer (Minotaur Fighter)           Turns: 80, Time: 00:00:23

Health: 0/19       AC:  6    Str: 20    XL:     1   Next: 41%
Magic:  0/0        EV:  9    Int:  5    God:
Gold:   0          SH:  4    Dex:  9    Spells: 0/0 levels left

rFire   . . .      SeeInvis .   a - +0 trident
rCold   . . .      Faith    .   c - +0 buckler
rNeg    . . .      Spirit   .   b - +0 scale mail
rPois   .          Reflect  .   (helmet restricted)
rElec   .          Harm     .   (no cloak)
rCorr   .          Rampage  .   (no gloves)
Will    .....      NoTele   +   (no boots)
Stlth   ..........              (no amulet)
HPRegen 0.06/turn               (no ring)
MPRegen 0.07/turn               (no ring)

@: no status effects
A: horns 2, retaliatory headbutt
a: no special abilities


You were in the Dungeon.
You visited 1 branch

Inventory:

Hand Weapons
 a - a +0 trident (weapon)
Armour
 b - a +0 scale mail (worn)
 c - a +0 buckler (worn)
Scrolls
 j - a scroll of blinking
 k - a scroll of identify {unknown}
Potions
 d - a potion of might
 e - a potion of curing
 f - a potion of heal wounds
 g - a potion of haste
 h - 2 potions of magic
 i - a potion of berserk rage


   Skills:
 - Level 3.6 Fighting
 + Level 3.5 Polearms
 - Level 3.6 Armour
 + Level 4.4 Shields


You couldn't memorise any spells.
You didn't know any spells.
Your spell library was empty.

Dungeon Overview and Level Annotations

Branches:
Dungeon (1/1)

Altars:


Innate Abilities, Weirdness & Mutations

You have a pair of horns on your head.
You reflexively headbutt those who attack you in melee.


Message History

No target in view!
A rat comes into view.
Found 6 stones.
There is an open door here.
You reach to attack!
You puncture the rat!
You kill the rat!
No target in view!
No target in view!
You see here a rat corpse.
You see here 6 stones.
You open the door.
There is an open door here.
A human comes into view.
The human shouts!
You reach to attack!
You closely miss the human. You hit the human. You headbutt the human!
The human is heavily wounded.
The human barely misses you.
You hit the human but do no damage.
The human is heavily wounded.
The human hits you. The human closely misses you.
You closely miss the human.
The human is heavily wounded.
The human barely misses you.
You closely miss the human.
The human is heavily wounded.
The human hits you but does no damage.
You barely miss the human.
The human is heavily wounded.
You block the human's attack.
You closely miss the human. You headbutt the human.
The human is heavily wounded.
The human closely misses you.
You closely miss the human.
The human is heavily wounded.
The human hits you.
You barely miss the human. Your headbutt misses the human.
The human is heavily wounded.
The human hits you. The human hits you!
You die...

▓.....#
▓.....#...≈≈♣♣♣..
▓.....#..≈≈≈≈♣....
▓####'#..≈≈≈≈≈≈♣..
▓(.†..#.≈≈≈≈≈≈....
▓.....#.≈≈≈≈≈.....
▓.....#.≈≈≈.......
▓'#####...........
▓.........@p......
▓▓▓▓▓▓▓▓▓▓▓▓▓▓▓▓▓▓


You could see a human.

Vanquished Creatures
  An endoplasm (D)
  3 rats (D)
4 creatures vanquished.

Notes
Turn   | Place    | Note
-------+----------+-------------------------------------------
     0 | D        | rocky1 the Minotaur Fighter began the quest for the Orb.
     0 | D        | Reached XP level 1. HP: 19/19 MP: 0/0
    10 | D        | Reached skill level 4 in Shields
    80 | D        | Slain by a human

Illustrated notes

Levels and vault maps discovered:
D:        dungeon_sprint_mu [sprint_mu_entry_forest, sprint_mu_temple_rooms,
          sprint_mu_d1_horrors, sprint_mu_d2_genie, sprint_mu_d3_branching,
          sprint_mu_orc_legion, sprint_mu_elf_gauntlet, sprint_mu_hive_nellie,
          sprint_mu_lair_fedhas, sprint_mu_vaults_butterflies,
          sprint_mu_slime_circle, sprint_mu_shoals_archi,
          sprint_mu_snake_twists, sprint_mu_blade_basic,
          sprint_mu_crypt_chambers, sprint_mu_tomb_spiral,
          sprint_mu_vestibule_basic, sprint_mu_gehenna_hellfire,
          sprint_mu_dis_giant, sprint_mu_tartarus_statrot,
          sprint_mu_cocytus_islands, sprint_mu_zot1]

Skill      XL: |  1 |
---------------+----+-----
Polearms       | 3 |  3.5
Shields        | 4 |  4.4
Fighting       | |  3.6
Armour         | |  3.6

Action                   || total
-------------------------++-------
Melee: Trident           ||    17
       Headbutt          ||     3
Armor: Scale mail        ||     2
Dodge: Dodged            ||     4
Block: Buckler           ||     2
